 Seeded DCSS version 0.30-a0-918-g0ff054e9dc (webtiles) character file.

Game seed: 13555036537017109050 (custom seed)

22 GigaChad the Shield-Bearer (level 3, -1/29 HPs)
             Began as a Formicid Fighter on Mar 20, 2023.
             Slain by Natasha (6 damage)
             ... on level 2 of the Dungeon.
             The game lasted 00:00:53 (818 turns).

GigaChad the Shield-Bearer (Formicid Fighter)        Turns: 818, Time: 00:00:53

Health: -1/29      AC:  6    Str: 22    XL:     3   Next: 7%
Magic:  3/3        EV:  9    Int:  7    God:
Gold:   417        SH:  5    Dex: 13    Spells: 2/2 levels left

rFire   . . .      SeeInvis +    a - +0 war axe
rCold   . . .      Faith    .    c - +0 buckler
rNeg    . . .      Spirit   .    b - +0 scale mail
rPois   .          Reflect  .    (helmet unavailable)
rElec   .          Rampage  .    (no cloak)
rCorr   .                        (no gloves)
Will    .....                    (no boots) Stlth
                                 (no amulet)
HPRegen 0.24/turn                (no ring)
MPRegen 0.08/turn                (no ring)

@: no status effects
A: permanent stasis, dig shafts and tunnels, antennae 3, four strong arms
a: Dig, Shaft Self


You were on level 2 of the Dungeon.
You visited 1 branch of the dungeon, and saw 2 of its levels.

You collected 417 gold pieces.

Inventory:

Hand Weapons
 a - a +0 war axe (weapon)
Armour
 b - a +0 scale mail (worn)
 c - a +0 buckler (worn)
Jewellery
 h - an amulet of the acrobat
Scrolls
 g - a scroll of identify {unknown}
 i - a scroll of teleportation {unknown}
Potions
 d - 2 potions of might
 e - a potion of heal wounds {unknown}
 f - a potion of curing {unknown}
 j - 2 potions of haste {unknown}
 k - a potion of flight {unknown}


   Skills:
 + Level 3.6 Fighting
 + Level 2.1 Axes
 + Level 3.5 Armour
 + Level 0.1 Dodging
 + Level 4.6 Shields


You had 2 spell levels left.
You didn't know any spells.
Your spell library was empty.

Dungeon Overview and Level Annotations

Branches:
Dungeon (2/15)

Altars:

Annotations:
D:2 Natasha


Innate Abilities, Weirdness & Mutations

You cannot be hasted, slowed, berserked, paralysed or teleported.
You can dig through walls and to a lower floor.
You have a pair of large antennae on your head. (SInv)
Your four strong arms can wield two-handed weapons with a shield.


Message History

You have reached level 3!
Your experience leads to an increase in your attributes!
Increase (S)trength, (I)ntelligence, or (D)exterity?
You feel stronger. x2
You hit Natasha but do no damage.
Natasha is heavily wounded.
You hit the white imp. You slash the endoplasm!
You kill the endoplasm!
The white imp barely misses you. Natasha claws you.
You block the white imp's attack.
You hit Natasha.
Natasha is severely wounded.
You barely miss the white imp. Natasha claws you.
The white imp hits you but does no damage.
You are too injured to fight recklessly!
You are too injured to fight recklessly!
You are too injured to fight recklessly!
There are monsters nearby!
You are too injured to fight recklessly!
You are too injured to fight recklessly!
There are monsters nearby!
You are too injured to fight recklessly!
You barely miss the white imp.
The white imp is moderately wounded.
You closely miss Natasha. Natasha claws you.
The white imp hits you but does no damage.
Natasha claws you but does no damage.
You slash the white imp!
You kill the white imp!
The white imp disappears in a puff of smoke!
You barely miss Natasha. Natasha claws you!
* * * LOW HITPOINT WARNING * * *
Natasha completely misses you.
You closely miss Natasha.
Natasha is severely wounded.
You block Natasha's attack.
You closely miss Natasha.
Natasha is heavily wounded.
Natasha claws you.
You die...

.. ..... ##.####...$.
....)......
#........##$
#####..........?
................
...............#+# ##
......h@..#.##.#.##..
#.....†..............
#.#...............#.#
#.......###.......#
#...............#.#
##.....###...#.##.##.#
#..............##.##.#
##.............##.##.#
#................##.#


You could see Natasha.

Vanquished Creatures
  A dart slug (D:1)
  3 endoplasms
  A giant cockroach (D:1)
  2 goblins (D:1)
  2 hobgoblins (D:1)
  A quokka (D:2)
  A bat (D:1)
  A frilled lizard (D:1)
  3 kobolds
  3 rats
18 creatures vanquished.

Notes
Turn   | Place    | Note
-------+----------+-------------------------------------------
     0 | D:1      | GigaChad the Formicid Fighter began the quest for the Orb.
     0 | D:1      | Reached XP level 1. HP: 18/18 MP: 1/1
   304 | D:1      | Reached XP level 2. HP: 24/24 MP: 2/2
   462 | D:1      | Identified a scroll of acquirement
   462 | D:1      | Acquired 330 gold pieces
   806 | D:2      | Noticed Natasha
   812 | D:2      | Reached XP level 3. HP: 22/29 MP: 3/3
   818 | D:2      | Slain by Natasha

Illustrated notes

Levels and vault maps discovered:
D:1:      dpeg_arrival_water_fire, layout_basic
D:2:      layout_basic, hex_large, reono_crystal_passage, st_stairs_2,
          minmay_tromino_v7, uniq_natasha

Action                     || total
---------------------------++-------
  Melee: War axe           ||    55
    Use: Scroll            ||     1
 Armour: Scale mail        ||    25
  Dodge: Dodged            ||    33
  Block: Buckler           ||    13

Table legend: (Time is in decaauts)
 A = Elapsed time spent in this place.
 B = Non-inter-level travel time spent in this place.
 C = Inter-level travel time spent in this place.
 D = Time resting spent in this place.
 E = Time spent auto-exploring this place.
 F = Levels seen in this place.
 G = Mean time per level.
                   A        B        C        D        E       F      G
               +--------+--------+--------+--------+--------+-----+--------+
         Total |    840 |    774 |     66 |      0 |    616 |   2 |  420.0 |
       Dungeon |    840 |    774 |     66 |      0 |    616 |   2 |  420.0 |
               +--------+--------+--------+--------+--------+-----+--------+

Top non-repeatable levels by time:
     D:1: 725 daAuts
     D:2: 115 daAuts
